 Dungeon Crawl Stone Soup version 0.29.0-11-gd7f09526c8 (console) character file.

Game seed: 13809977624169132070

70 jejorda2 the Slasher (level 4, -3/35 HPs)
             Began as a Vampire Fighter on Sept 3, 2022.
             Was an Initiate of Ru.
             Frozen to death by an endoplasm (4 damage)
             ... on level 2 of the Dungeon.
             The game lasted 00:03:43 (1270 turns).

jejorda2 the Slasher (Vampire Fighter)              Turns: 1270, Time: 00:03:44

Health: -3/35      AC:  9    Str: 15    XL:     4   Next: 4%
Magic:  4/4        EV:  8    Int: 10    God:    Ru [......]
Gold:   141        SH:  5    Dex: 15    Spells: 3/3 levels left

rFire   . . .      SeeInvis +   a - +0 long sword
rCold   . . .      Faith    .   c - +0 buckler
rNeg    . . .      Spirit   .   b - +0 scale mail
rPois   .          Reflect  .   (no helmet)
rElec   .          Harm     .   m - +2 cloak
rCorr   .          Rampage  .   (no gloves)
Will    .....                   (no boots)
Stlth   ..........              (no amulet)
HPRegen 0.31/turn               (no ring)
MPRegen 0.09/turn               (no ring)

@: mighty, healing quickly
A: alive, fangs 3, see invisible, no stealth, vampiric 2
a: Exsanguinate, Renounce Religion


You were on level 2 of the Dungeon.
You worshipped Ru.
Ru was noncommittal.
You visited 1 branch of the dungeon, and saw 2 of its levels.

You collected 141 gold pieces.

Inventory:

Hand Weapons
 a - a +0 long sword (weapon)
Missiles
 i - 13 stones (quivered)
 k - 2 poisoned darts
Armour
 b - a +0 scale mail (worn)
 c - a +0 buckler (worn)
 m - a +2 cloak (worn)
Scrolls
 e - 2 scrolls of identify {unknown}
 f - a scroll of teleportation {unknown}
 g - a scroll of vulnerability {unknown}
 h - 2 scrolls of enchant armour {unknown}
 j - a scroll of blinking {unknown}
 l - a scroll of poison {unknown}
Potions
 n - a potion of curing {unknown}


   Skills:
 + Level 3.3 Fighting
 * Level 3.7 Long Blades
 - Level 2.4 Armour
 - Level 2.6 Shields


You had 3 spell levels left.
You didn't know any spells.
Your spell library was empty.

Dungeon Overview and Level Annotations

Branches:
Dungeon (2/15)

Altars:
Ru

Annotations:
D:2 Terence


Innate Abilities, Weirdness & Mutations

Your natural rate of healing is accelerated.
You have razor-sharp teeth.
You have supernaturally acute eyesight. (SInv)
You cannot be stealthy.
You are afflicted with vampirism and can become a bat while bloodless.


Message History

Terence hits you with a +0 flail.
You hit Terence.
Terence is lightly wounded.
The endoplasm freezes you.
You are frozen.
Terence hits you but does no damage.
The endoplasm hits you but does no damage.
Terence closely misses you.
You hit Terence but do no damage.
Terence is lightly wounded.
Terence closely misses you. You block the endoplasm's attack.
You feel very mighty all of a sudden. You block Terence's attack.
You block the endoplasm's attack.
You hit Terence. You bite Terence, but do no damage.
Terence is moderately wounded.
You block the giant cockroach's attack. Terence hits you with a +0 flail.
The endoplasm barely misses you.
You barely miss Terence.
Terence is moderately wounded.
The giant cockroach bites you but does no damage.
The endoplasm freezes you.
You are frozen.
Terence shouts, "Get ready for death!"
Terence hits you with a +0 flail.
The giant cockroach bites you but does no damage.
You closely miss Terence.
Terence is moderately wounded.
The endoplasm freezes you.
You are frozen.
Terence hits you with a +0 flail!
The giant cockroach bites you but does no damage.
Terence hits you with a +0 flail!
* * * LOW HITPOINT WARNING * * *
The endoplasm freezes you.
You are frozen.
* * * LOW HITPOINT WARNING * * *
You barely miss Terence.
Terence is moderately wounded.
The giant cockroach bites you but does no damage. x2
The endoplasm freezes you.
You are frozen.
You die...

..#...............##
...............##
#..............#
.............#
........# ........##
.........#
.........####
.......@J...#
......B@....#
............#
............#
............#
............#
............#
........#.###


You could see Terence, an endoplasm and a giant cockroach.

Vanquished Creatures
  Jessica (D:2)
  An adder (D:2)
  2 dart slugs (D:1)
  5 ball pythons (D:1)
  4 bats (D:1)
  4 endoplasms (D:1)
  A goblin (D:1)
  4 hobgoblins (D:1)
  3 quokkas (D:1)
  5 kobolds (D:1)
30 creatures vanquished.

Notes
Turn   | Place    | Note
-------+----------+-------------------------------------------
     0 | D:1      | jejorda2 the Vampire Fighter began the quest for the Orb.
     0 | D:1      | Reached XP level 1. HP: 17/17 MP: 1/1
   146 | D:1      | Reached XP level 2. HP: 17/23 MP: 2/2
   213 | D:1      | Found a faded altar of an unknown god.
   231 | D:1      | Prayed at the altar of an unknown god.
   231 | D:1      | Became a worshipper of Ru the Awakened
   236 | D:1      | Gained mutation: You cannot be stealthy. [Ru sacrifice]
   526 | D:1      | Gained mutation: You are afflicted with vampirism and can
                  | become a bat while bloodless. [Vampire growth]
   526 | D:1      | Reached XP level 3. HP: 29/29 MP: 3/3
  1168 | D:2      | Noticed Jessica
  1180 | D:2      | Killed Jessica
  1219 | D:2      | Reached XP level 4. HP: 35/35 MP: 4/4
  1260 | D:2      | Noticed Terence
  1269 | D:2      | HP: 1/35 [frozen (4)]
  1270 | D:2      | Frozen to death by an endoplasm

Illustrated notes

Levels and vault maps discovered:
D:1:      lemuel_arrival_tunnels, layout_basic, basic_ecumenical_altar
D:2:      layout_rooms, kennysheep_big_empty_room, uniq_terence, uniq_jessica

Skill      XL: |  1  2 |
---------------+-------+-----
Fighting       | 3 |  3.3
Long Blades    | 3 |  3.7
Armour         | |  2.4
Shields        | |  2.6

Action                   |  1- 3 |  4- 6 || total
-------------------------+-------+-------++-------
Melee: Long sword        |    97 |     6 ||   103
       Bite              |     1 |     1 ||     2
Invok: Sacrifice Stealth |     1 |       ||     1
  Use: Potion            |       |     1 ||     1
Armor: Scale mail        |    49 |     7 ||    56
Dodge: Dodged            |    40 |     3 ||    43
Block: Buckler           |    36 |     4 ||    40
